MLB
CHICAGO WHITE SOX @ ST. LOUIS CARDINALS
10/03/2045
 
TOP OF THE 1ST
Chicago White Sox batting - Pitching for St. Louis Cardinals : LHP Steve Cooper
Pitching: LHP Steve Cooper
Batting: RHB Steve Castleberry 0-0: Called Strike
0-1: Ball
1-1: Ball
2-1: Fly out, F8 (Flyball, 8RXD, EV 100.0 MPH)
Batting: RHB Charles Marcel 0-0: Ball
1-0: Ball
2-0: SINGLE (Groundball, 34D, EV 106.9 MPH)
Batting: RHB Joseph Disepolo 0-0: Ball
1-0: Called Strike
1-1: Swinging Strike
1-2: Fly out, F3 (Popup, 3SF, EV 86.2 MPH)
Batting: LHB Randy Rosenberry 0-0: Swinging Strike
0-1: Ball
1-1: Ball
2-1: Ball
3-1: Base on Balls
Charles Marcel to second
Batting: RHB Chris Cooper 0-0: Called Strike
0-1: Ball
1-1: Foul Ball, location: 2F
1-2: 3-RUN HOME RUN (Flyball, 89XD, EV 98.1 MPH), Distance : 402 ft
Batting: RHB Jason Moss 0-0: Called Strike
0-1: Ball
1-1: Swinging Strike
1-2: Ground out 3-1 (Groundball, 34, EV 85.6 MPH)
Top of the 1st over - 3 runs, 2 hits, 0 errors, 0 left on base; Chicago 3 - St. Louis 0
BOTTOM OF THE 1ST
St. Louis Cardinals batting - Pitching for Chicago White Sox : LHP Jaden Asante
Pitching: LHP Jaden Asante
Batting: RHB Rick O'Reilly 0-0: Ball
1-0: Foul Ball, location: 2F
1-1: Ball
2-1: SINGLE (Line Drive, 8RS, EV 88.8 MPH)
Batting: RHB Tenshou Takita 0-0: Grounds into double play, 6-4-3 (Groundball, 6S, EV 81.2 MPH)
Batting: SHB Antoine Roux 0-0: Called Strike
0-1: Foul Ball, location: 2F
0-2: Ball
1-2: Ball
2-2: Strikes out swinging
Bottom of the 1st over - 0 runs, 1 hit, 0 errors, 0 left on base; Chicago 3 - St. Louis 0
TOP OF THE 2ND
Chicago White Sox batting - Pitching for St. Louis Cardinals : LHP Steve Cooper
Batting: RHB Leo Navarro 0-0: Ball
1-0: Ball
2-0: Ball
3-0: Base on Balls
Batting: LHB Jack Christie 0-0: Ball
1-0: Called Strike
1-1: Foul Ball, location: 2F
1-2: Ball
2-2: Fly out, F8 (Line Drive, 8LM, EV 91.9 MPH)
Batting: SHB Cesar Herrera 0-0: Ball
1-0: Foul Ball, location: 2F
1-1: Ball
2-1: DOUBLE (Flyball, 8RXD, EV 108.1 MPH)
Leo Navarro to third
Runner from 3rd tries for Home, SAFE, throw by CF to trailing runner, SAFE at third!
Batting: RHB Steve Castleberry 0-0: Called Strike
0-1: Fly out, F9 (Flyball, 9D, EV 103.1 MPH)
Runner from 3rd tags up, SCORES, no throw by RF
Batting: RHB Charles Marcel 0-0: Ball
1-0: Ball
2-0: Called Strike
2-1: Foul Ball, location: 2F
2-2: Foul Ball, location: 2F
2-2: Foul Ball, location: 2F
2-2: Ground out 4-3 (Groundball, 4, EV 93.1 MPH)
Top of the 2nd over - 2 runs, 1 hit, 0 errors, 0 left on base; Chicago 5 - St. Louis 0
BOTTOM OF THE 2ND
St. Louis Cardinals batting - Pitching for Chicago White Sox : LHP Jaden Asante
Batting: RHB Eric Chotkowski 0-0: Ball
1-0: Ball
2-0: Foul Ball, location: 2F
2-1: Swinging Strike
2-2: Foul Ball, location: 2F
2-2: Ground out 5-3 (Groundball, 5, EV 91.2 MPH)
Batting: SHB Hans Mikkelsen 0-0: Called Strike
0-1: Foul Ball, location: 2F
0-2: Ball
1-2: Strikes out swinging
Batting: RHB Pavpv Ivanushkin 0-0: Ball
1-0: Called Strike
1-1: SINGLE (Groundball, 25, EV 73.1 MPH) (infield hit)
Batting: RHB Dustin Clark 0-0: Ball
1-0: Foul Ball, location: 2F
1-1: Ball
2-1: Foul Ball, location: 2F
2-2: Strikes out swinging
Bottom of the 2nd over - 0 runs, 1 hit, 0 errors, 1 left on base; Chicago 5 - St. Louis 0
TOP OF THE 3RD
Chicago White Sox batting - Pitching for St. Louis Cardinals : LHP Steve Cooper
Batting: RHB Joseph Disepolo 0-0: DOUBLE (Line Drive, 78M, EV 93.8 MPH)
Batting: LHB Randy Rosenberry 0-0: Called Strike
0-1: Foul Ball, location: 2F
0-2: Fly out, F6 (Popup, P, EV 79.4 MPH)
Batting: RHB Chris Cooper 0-0: Ball
1-0: Swinging Strike
1-1: Swinging Strike
1-2: Fly out, F4 (Popup, 34, EV 71.2 MPH)
Pitching: RHP Doug Nickey
Batting: RHB Jason Moss 0-0: Ground out U3 (Groundball, 3L, EV 81.2 MPH)
Top of the 3rd over - 0 runs, 1 hit, 0 errors, 1 left on base; Chicago 5 - St. Louis 0
BOTTOM OF THE 3RD
St. Louis Cardinals batting - Pitching for Chicago White Sox : LHP Jaden Asante
Batting: RHB Sergio Godinez 0-0: Ball
1-0: Foul Ball, location: 2F
1-1: Foul Ball, location: 2F
1-2: Ground out 4-3 (Groundball, 4, EV 93.8 MPH)
Batting: SHB Luke Robbins 0-0: Called Strike
0-1: Called Strike
0-2: Ball
1-2: Strikes out swinging
Batting: RHB Rick O'Reilly 0-0: Ball
1-0: Ball
2-0: Ground out 6-3 (Groundball, 56, EV 91.9 MPH)
Bottom of the 3rd over - 0 runs, 0 hits, 0 errors, 0 left on base; Chicago 5 - St. Louis 0
TOP OF THE 4TH
Chicago White Sox batting - Pitching for St. Louis Cardinals : RHP Doug Nickey
Batting: RHB Leo Navarro 0-0: Ball
1-0: Foul Ball, location: 2F
1-1: DOUBLE (Line Drive, 3D, EV 95.6 MPH)
Batting: LHB Jack Christie 0-0: Ball
1-0: Called Strike
1-1: Called Strike
1-2: SINGLE (Line Drive, 4MD, EV 97.5 MPH)
Leo Navarro to third
Batting: SHB Cesar Herrera 0-0: Ball
1-0: Ball
2-0: Ball
3-0: Called Strike
3-1: Base on Balls
Jack Christie to second
Batting: RHB Steve Castleberry 0-0: Called Strike
0-1: Ball
1-1: SINGLE (Line Drive, 8LS, EV 85.6 MPH)
Leo Navarro scores
Jack Christie to third
Cesar Herrera to second
Batting: RHB Charles Marcel 0-0: Called Strike
0-1: Reached on error, E4 (Groundball, 4M, EV 90.6 MPH)
Jack Christie scores
Cesar Herrera to third
Steve Castleberry to second
Batting: RHB Joseph Disepolo 0-0: Ball
1-0: Grounds into double play, 6-4-3 (Groundball, 6, EV 90.0 MPH)
Cesar Herrera scores
Steve Castleberry to third
Batting: LHB Randy Rosenberry 0-0: Swinging Strike
0-1: Called Strike
0-2: Foul Ball, location: 2F
0-2: Foul Ball, location: 2F
0-2: Ball
1-2: Ball
2-2: Ball
3-2: Ground out 6-3 (Groundball, 6M, EV 81.2 MPH)
Top of the 4th over - 3 runs, 3 hits, 1 error, 1 left on base; Chicago 8 - St. Louis 0
BOTTOM OF THE 4TH
St. Louis Cardinals batting - Pitching for Chicago White Sox : LHP Jaden Asante
Batting: RHB Tenshou Takita 0-0: Ball
1-0: SINGLE (Flyball, 8LS, EV 91.2 MPH)
Batting: SHB Antoine Roux 0-0: Called Strike
0-1: Ball
1-1: Fielders Choice at 2nd, 5-4 (Groundball, 5L, EV 93.8 MPH)
Batting: RHB Eric Chotkowski Pickoff Throw to First - Error! E1
Antoine Roux to second
0-0: Ball
1-0: Called Strike
1-1: Ball
2-1: Fly out, F5 (Line Drive, 5, EV 61.2 MPH)
Batting: SHB Hans Mikkelsen 0-0: Called Strike
0-1: Called Strike
0-2: DOUBLE (Line Drive, 89D, EV 110.6 MPH)
Antoine Roux scores
Batting: RHB Pavpv Ivanushkin 0-0: SINGLE (Groundball, 25, EV 65.6 MPH) (infield hit)
Hans Mikkelsen to third
Batting: RHB Dustin Clark 0-0: Foul Ball, location: 2F
0-1: Foul Ball, location: 2F
0-2: Foul Ball, location: 2F
0-2: Ball
1-2: Ground out 4-3 (Groundball, 4, EV 91.9 MPH)
Bottom of the 4th over - 1 run, 3 hits, 1 error, 2 left on base; Chicago 8 - St. Louis 1
TOP OF THE 5TH
Chicago White Sox batting - Pitching for St. Louis Cardinals : RHP Doug Nickey
Batting: RHB Chris Cooper 0-0: Swinging Strike
0-1: Foul Ball, location: 2F
0-2: Ground out 4-3 (Groundball, 4, EV 102.5 MPH)
Batting: RHB Jason Moss 0-0: Ball
1-0: Ground out 1-3 (Groundball, 34S, EV 70.0 MPH)
Batting: RHB Leo Navarro 0-0: Ball
1-0: Ball
2-0: Ground out 3-1 (Groundball, 34, EV 86.2 MPH)
Top of the 5th over - 0 runs, 0 hits, 0 errors, 0 left on base; Chicago 8 - St. Louis 1
BOTTOM OF THE 5TH
St. Louis Cardinals batting - Pitching for Chicago White Sox : LHP Jaden Asante
Batting: RHB Sergio Godinez 0-0: Ball
1-0: Foul Ball, location: 2F
1-1: Foul Ball, location: 2F
1-2: Foul Ball, location: 2F
1-2: Foul Ball, location: 2F
1-2: Ball
2-2: SINGLE (Line Drive, 78S, EV 110.6 MPH)
Batting: SHB Luke Robbins 0-0: Foul Ball, location: 2F
0-1: Ball
1-1: Foul Ball, location: 2F
1-2: Strikes out looking
Batting: RHB Rick O'Reilly 0-0: Ball
1-0: Ball
2-0: Grounds into double play, 4-6-3 (Groundball, 4, EV 98.8 MPH)
Bottom of the 5th over - 0 runs, 1 hit, 0 errors, 0 left on base; Chicago 8 - St. Louis 1
TOP OF THE 6TH
Chicago White Sox batting - Pitching for St. Louis Cardinals : RHP Doug Nickey
Pitching: RHP Chad Steffee
Batting: LHB Jack Christie 0-0: Ball
1-0: Called Strike
1-1: SINGLE (Groundball, 6D, EV 101.9 MPH)
Batting: SHB Cesar Herrera 0-0: Grounds into double play, 6-4-3 (Groundball, 6, EV 103.8 MPH)
Batting: RHB Steve Castleberry 0-0: Called Strike
0-1: Ball
1-1: Ball
2-1: Fly out, F5 (Popup, 5DF, EV 53.1 MPH)
Top of the 6th over - 0 runs, 1 hit, 0 errors, 0 left on base; Chicago 8 - St. Louis 1
BOTTOM OF THE 6TH
St. Louis Cardinals batting - Pitching for Chicago White Sox : LHP Jaden Asante
Batting: RHB Tenshou Takita 0-0: Fly out, F8 (Line Drive, 8LD, EV 90.0 MPH)
Batting: SHB Antoine Roux 0-0: Called Strike
0-1: Fly out, F6 (Line Drive, 6, EV 67.5 MPH)
Batting: RHB Eric Chotkowski 0-0: Foul Ball, location: 2F
0-1: Called Strike
0-2: Fly out, F8 (Line Drive, 8LM, EV 98.1 MPH)
Bottom of the 6th over - 0 runs, 0 hits, 0 errors, 0 left on base; Chicago 8 - St. Louis 1
TOP OF THE 7TH
Chicago White Sox batting - Pitching for St. Louis Cardinals : RHP Chad Steffee
Batting: RHB Charles Marcel 0-0: Called Strike
0-1: Foul Ball, location: 2F
0-2: Ball
1-2: SOLO HOME RUN (Flyball, 78XD, EV 105.6 MPH), Distance : 382 ft
Batting: RHB Joseph Disepolo 0-0: Called Strike
0-1: Foul Ball, location: 2F
0-2: Ball
1-2: Ball
2-2: Foul Ball, location: 2F
2-2: Strikes out swinging
Batting: LHB Randy Rosenberry 0-0: Ball
1-0: Ball
2-0: Foul Ball, location: 2F
2-1: Foul Ball, location: 2F
2-2: Ball
3-2: Base on Balls
Batting: RHB Chris Cooper 0-0: Called Strike
0-1: Swinging Strike
0-2: Strikes out swinging
Batting: RHB Jason Moss 0-0: Called Strike
0-1: Ball
1-1: SINGLE (Groundball, 56D, EV 103.8 MPH)
Randy Rosenberry to second
Batting: RHB Leo Navarro 0-0: Reached on error, E6 (Groundball, 6, EV 85.6 MPH)
Randy Rosenberry to third
Jason Moss to second
Batting: LHB Jack Christie 0-0: Called Strike
0-1: Called Strike
0-2: Ball
1-2: Foul Ball, location: 2F
1-2: Foul Ball, location: 2F
1-2: Ball
2-2: Fly out, F9 (Line Drive, 9D, EV 105.0 MPH)
Top of the 7th over - 1 run, 2 hits, 1 error, 3 left on base; Chicago 9 - St. Louis 1
BOTTOM OF THE 7TH
St. Louis Cardinals batting - Pitching for Chicago White Sox : LHP Jaden Asante
Batting: SHB Hans Mikkelsen 0-0: Ball
1-0: Foul Ball, location: 2F
1-1: Ground out 6-3 (Groundball, 6, EV 88.1 MPH)
Batting: RHB Pavpv Ivanushkin 0-0: Called Strike
0-1: Ball
1-1: Called Strike
1-2: Foul Ball, location: 2F
1-2: Ball
2-2: Strikes out swinging
Batting: RHB Dustin Clark 0-0: Ball
1-0: DOUBLE (Line Drive, 3D, EV 96.9 MPH)
Batting: RHB Sergio Godinez 0-0: Ground out 5-3 (Groundball, 56S, EV 86.2 MPH)
Bottom of the 7th over - 0 runs, 1 hit, 0 errors, 1 left on base; Chicago 9 - St. Louis 1
TOP OF THE 8TH
Chicago White Sox batting - Pitching for St. Louis Cardinals : RHP Chad Steffee
Batting: SHB Cesar Herrera 0-0: Swinging Strike
0-1: Ball
1-1: Ground out 5-3 (Groundball, 5, EV 102.5 MPH)
Batting: RHB Steve Castleberry 0-0: Foul Ball, location: 2F
0-1: Swinging Strike
0-2: SINGLE (Groundball, 4MD, EV 100.6 MPH)
Pitching: RHP John McLeod
Batting: RHB Charles Marcel 0-0: Ball
1-0: Grounds into double play, 6-4-3 (Groundball, 6, EV 83.8 MPH)
Top of the 8th over - 0 runs, 1 hit, 0 errors, 0 left on base; Chicago 9 - St. Louis 1
BOTTOM OF THE 8TH
St. Louis Cardinals batting - Pitching for Chicago White Sox : LHP Jaden Asante
Now in LF: Chris Cooper
Now in RF: Brian Feher
Pinch Hitting: LHB Ben Rubenacker 0-0: Ground out 4-3 (Groundball, 4, EV 83.1 MPH)
Batting: RHB Rick O'Reilly 0-0: SINGLE (Groundball, 56D, EV 104.4 MPH)
Batting: RHB Tenshou Takita 0-0: Foul Ball, location: 2F
0-1: Foul Ball, location: 2F
0-2: Ball
1-2: Fly out, F7 (Flyball, 7, EV 80.0 MPH)
Batting: SHB Antoine Roux 0-0: Fielders Choice at 2nd, 6-4 (Groundball, 56D, EV 81.9 MPH)
Bottom of the 8th over - 0 runs, 1 hit, 0 errors, 1 left on base; Chicago 9 - St. Louis 1
TOP OF THE 9TH
Chicago White Sox batting - Pitching for St. Louis Cardinals : RHP John McLeod
Now at 1B: Ben Rubenacker
Now at SS: Tenshou Takita
Batting: RHB Joseph Disepolo 0-0: Ball
1-0: Called Strike
1-1: Fly out, F8 (Flyball, 8RS, EV 86.9 MPH)
Batting: LHB Randy Rosenberry 0-0: Foul Ball, location: 2F
0-1: Ball
1-1: Ball
2-1: Foul Ball, location: 2F
2-2: Ball
3-2: Foul Ball, location: 2F
3-2: Foul Ball, location: 2F
3-2: DOUBLE (Flyball, 8LXD, EV 108.8 MPH)
Batting: RHB Chris Cooper 0-0: Ball
1-0: Called Strike
1-1: Called Strike
1-2: Foul Ball, location: 2F
1-2: Ball
2-2: Ball
3-2: Fly out, F3 (Popup, 3L, EV 65.6 MPH)
Batting: LHB Brian Feher 0-0: SINGLE (Groundball, 6M, EV 100.6 MPH)
Randy Rosenberry to third
Runner from 3rd tries for Home, SAFE, throw by CF to home
Batting: RHB Leo Navarro 0-0: Called Strike
0-1: Foul Ball, location: 2F
0-2: Ball
1-2: Ball
2-2: Ball
3-2: Reached on error, E6 (Groundball, 6, EV 106.9 MPH)
Brian Feher to second
Batting: LHB Jack Christie 0-0: Called Strike
0-1: Ball
1-1: Ground out 4-3 (Groundball, 4, EV 85.0 MPH)
Top of the 9th over - 1 run, 2 hits, 1 error, 2 left on base; Chicago 10 - St. Louis 1
BOTTOM OF THE 9TH
St. Louis Cardinals batting - Pitching for Chicago White Sox : LHP Jaden Asante
Batting: RHB Eric Chotkowski 0-0: Ball
1-0: Ground out 1-3 (Groundball, P, EV 63.1 MPH)
Pitching: RHP Stanislav Mamatsev
Batting: SHB Hans Mikkelsen 0-0: Called Strike
0-1: Ball
1-1: Ball
2-1: Ball
3-1: Foul Ball, location: 2F
3-2: Foul Ball, location: 2F
3-2: Foul Ball, location: 2F
3-2: Strikes out swinging
Batting: RHB Pavpv Ivanushkin 0-0: Ball
1-0: Called Strike
1-1: Ball
2-1: DOUBLE (Flyball, 89XD, EV 110.0 MPH)
Batting: RHB Dustin Clark 0-0: Called Strike
0-1: SINGLE (Groundball, 6MS, EV 73.8 MPH) (infield hit)
Pavpv Ivanushkin to third
Batting: RHB Sergio Godinez 0-0: Ball
1-0: Ball
2-0: Fielders Choice at 2nd, 6-4 (Groundball, 6, EV 105.6 MPH)
Bottom of the 9th over - 0 runs, 2 hits, 0 errors, 2 left on base; Chicago 10 - St. Louis 1
Wednesday, June 22nd , 2022 - OOTP Baseball 23.4 Build 64